 Dungeon Crawl Stone Soup version 0.28-a0-1190-g77e1c55843 (webtiles) character file.

Game seed: 15439480884354866789

19564 Gargoyl the Fighter (level 12, -2/106 HPs)
             Began as a Gnoll Abyssal Knight on Dec 18, 2021.
             Was a High Priest of Lugonu.
             Slain by a five-headed hydra (7 damage)
             ... on level 3 of the Lair of Beasts.
             The game lasted 00:16:21 (14500 turns).

Gargoyl the Fighter (Gnoll Abyssal Knight)         Turns: 14500, Time: 00:16:21

Health: -2/106     AC: 20    Str: 20    XL:     12   Next: 70%
Magic:  23/23      EV: 14    Int: 10    God:    Lugonu [*****.]
Gold:   865        SH:  6    Dex: 14    Spells: 26/26 levels left

rFire   + . .      SeeInvis +   d - +10 flail "Inykasea" {vorpal, rN+ Str+4}
rCold   . . .      Faith    .   G - +0 buckler
rNeg    + . .      Spirit   .   j - +5 ring mail of the Will of the Gods {rF+ Will- SInv}
rPois   +          Reflect  .   x - +2 helmet
rElec   .          Harm     .   l - +0 cloak
rCorr   .          Rampage  .   (no gloves)
Will    .....                   (no boots)
Stlth   +++.......              i - amulet of the acrobat
HPRegen 0.27/turn               D - ring of poison resistance
MPRegen 0.18/turn               w - +4 ring of protection

@: no status effects
A: fangs 1, strong nose, distributed training, mutation resistance 1, robust 1
a: Renounce Religion, Depart the Abyss, Bend Space, Banish, Corrupt, Enter the
Abyss


You were on level 3 of the Lair of Beasts.
You worshipped Lugonu.
Lugonu was extremely pleased with you.
You visited 2 branches of the dungeon, and saw 14 of its levels.
You visited the Abyss 1 time.
You also visited: Sewer.

You collected 1007 gold pieces.
You spent 142 gold pieces at shops.

Inventory:

Hand Weapons
 a - a +3 hand axe of flaming
 d - the +10 flail "Inykasea" (weapon) {vorpal, rN+ Str+4}
   (You found it on level 2 of the Abyss)

   It inflicts extra damage upon your enemies.
   Str:       It affects your strength (+4).
   rN:        It protects you from negative energy.
 o - the +12 flail of Risk Management {antimagic, rElec Str-5 Int+6}
   (You found it on level 6 of the Dungeon)

   It reduces the magical energy of the wielder, and disrupts the spells and
   magical abilities of those it strikes.
   Natural abilities and divine invocations are not affected.
   Str:       It affects your strength (-5).
   Int:       It affects your intelligence (+6).
   rElec:     It insulates you from electricity.
Missiles
 b - 19 poisoned darts (quivered)
Armour
 j - the +5 ring mail of the Will of the Gods (worn) {rF+ Will- SInv}
   (You found it on level 9 of the Dungeon)

   rF:        It protects you from fire.
   SInv:      It lets you see invisible.
   Will:      It decreases your willpower.
 l - a +0 cloak (worn)
 x - a +2 helmet (worn)
 G - a +0 buckler (worn)
 K - a +0 plate armour of cold resistance
Jewellery
 i - an amulet of the acrobat (around neck)
 p - the ring "Wacraejuf" {rC++ rCorr Int+2 Dex-2}
   (You found it on level 6 of the Dungeon)

   [ring of resist corrosion]

   Int:       It affects your intelligence (+2).
   Dex:       It affects your dexterity (-2).
   rC:        It greatly protects you from cold.
   rCorr:     It protects you from acid and corrosion.
 s - the ring "Isodoudi" {rC+ MP+9}
   (You found it on level 5 of the Dungeon)

   [ring of magical power]

   rC:        It protects you from cold.
   MP:        It affects your magic capacity (+9).
 w - a +4 ring of protection (right hand)
 z - an amulet of reflection
 D - a ring of poison resistance (left hand)
 J - the amulet of the Air {Inacc Air Fly rElec RMsl}
   (You found it on level 11 of the Dungeon)

   [amulet of nothing]

   It reduces the accuracy of all your attacks.
   It enhances your air magic.
   rElec:     It insulates you from electricity.
   Fly:       It grants you flight.
   RMsl:      It protects you from missiles.
 L - a ring of protection from fire
Wands
 f - a wand of iceblast (21)
 q - a wand of mindburst (37)
 y - a wand of paralysis (6)
 C - a wand of flame (29)
 E - a wand of acid (3)
 F - a wand of polymorph (4)
Scrolls
 c - 3 scrolls of identify
 g - 4 scrolls of fog
 n - 3 scrolls of fear
 r - 5 scrolls of blinking
 u - a scroll of teleportation
 A - a scroll of magic mapping
Potions
 e - 3 potions of cancellation
 h - 2 potions of lignification
 k - 2 potions of magic
 m - 3 potions of might
 t - 2 potions of attraction
 v - a potion of flight
 B - 3 potions of brilliance
 H - 2 potions of curing
 I - a potion of mutation
 M - a potion of heal wounds


   Skills:
 + Level 10.0 Fighting
 + Level 7.5 Short Blades
 + Level 7.5 Long Blades
 + Level 8.9 Axes
 + Level 7.5 Maces & Flails
 + Level 7.5 Polearms
 + Level 7.5 Staves
 + Level 7.5 Slings
 + Level 7.5 Bows
 + Level 7.5 Crossbows
 + Level 7.5 Throwing
 + Level 8.9 Armour
 + Level 8.0 Dodging
 + Level 7.5 Stealth
 + Level 7.5 Shields
 + Level 7.5 Unarmed Combat
 + Level 7.5 Spellcasting
 + Level 6.2 Conjurations
 + Level 6.2 Hexes
 + Level 6.2 Summonings
 + Level 6.2 Necromancy
 + Level 6.2 Translocations
 + Level 6.2 Transmutations
 + Level 6.2 Fire Magic
 + Level 6.2 Ice Magic
 + Level 6.2 Air Magic
 + Level 6.2 Earth Magic
 + Level 6.2 Poison Magic
 + Level 9.5 Invocations
 + Level 7.5 Evocations


You had 26 spell levels left.
You didn't know any spells.
Your spell library contained the following spells:

 Spells                   Type           Power      Damage    Failure   Level
 Apportation              Tloc           32%        N/A       1%          1
 Slow                     Hex            64%        N/A       1%          1
 Blink                    Tloc           32%        N/A       3%          2
 Sublimation of Blood     Necr           16%        N/A       3%          2
 Confusing Touch          Hex            16%        N/A       6%          3
 Lesser Beckoning         Tloc           16%        N/A       6%          3
 Airstrike                Air            8%         N/A       21%         4
 Petrify                  Tmut/Erth      16%        N/A       21%         4
 Summon Lightning Spire   Summ/Air       16%        N/A       21%         4
 Alistair's Intoxication  Tmut/Pois      10%        N/A       50%         5
 Irradiate                Conj/Tmut      8%         3d16      50%         5
 Lightning Bolt           Conj/Air       8%         1d20      50%         5
 Manifold Assault         Tloc           16%        N/A       50%         5
 Yara's Violent Unravell  Hex/Tmut       8%         3d5       50%         5


Dungeon Overview and Level Annotations

Branches:
Dungeon (11/15)            Temple (0/1) D:4            Lair (3/6) D:11
    Orc (0/2) D:11          Sewer (visited)
  Swamp: Lair:2-4    Shoals: Lair:2-4     Snake: Lair:2-4    Spider: Lair:2-4

Altars:
Ashenzari
Dithmenos
Fedhas
Gozag
Hepliaklqana
Makhleb
Okawaru
Ru
Vehumet
Xom
Zin
The Shining One

Shops:
D:5 *


Innate Abilities, Weirdness & Mutations

You have very sharp teeth.
Your uncanny sense of smell can sniff out nearby items.
Your experience applies equally to all skills.
You are somewhat resistant to further mutation.
You are robust. (+10% HP)


Message History

You sock the five-headed hydra!
The five-headed hydra is moderately wounded.
You block the five-headed hydra's attack.
The five-headed hydra bites you but does no damage.
You block the five-headed hydra's attack.
The five-headed hydra bites you!
The five-headed hydra bites you but does no damage.
You thump the five-headed hydra!
The five-headed hydra is severely wounded.
The five-headed hydra completely misses you.
You block the five-headed hydra's attack.
The five-headed hydra bites you but does no damage. x2
The five-headed hydra bites you.
You sock the five-headed hydra! You bite the five-headed hydra.
The five-headed hydra is severely wounded.
The five-headed hydra bites you.
The five-headed hydra bites you but does no damage. x2
The five-headed hydra closely misses you.
You block the five-headed hydra's attack.
Unknown command.
You sock the five-headed hydra!
The five-headed hydra is almost dead.
The five-headed hydra bites you but does no damage. x5
Unknown command.
Your ring mail of the Will of the Gods prevents you from hitting the five-headed hydra.
The five-headed hydra is almost dead.
The five-headed hydra bites you!
* * * LOW HITPOINT WARNING * * *
The five-headed hydra bites you.
* * * LOW HITPOINT WARNING * * *
You block the five-headed hydra's attack.
The five-headed hydra bites you!
* * * LOW HITPOINT WARNING * * *
The five-headed hydra bites you but does no damage.
You hit the five-headed hydra.
The five-headed hydra is almost dead.
The five-headed hydra bites you!
* * * LOW HITPOINT WARNING * * *
The five-headed hydra bites you!
You die...

#......#..# #....##...#
#####..#..#.#####
##.......##.....## .
...#...#.#....#..### #..
∆
.#...............+.##....
.+.#.8.......8...#.......
.
.#.....#.........'.......
..
.#.#...#.#.##..#@####P###
...
###.....###†..^.#DF.####
..#. # ##.+###
#..#.###.....#....= #.
#.....### #...........
.....#....# #...........
> #...## #.#.........
#...# #........... #...P
##....#P.... ..... ∆
........P$.


You could see a five-headed hydra and a cane toad.

Vanquished Creatures
  A fire dragon (D:11)
  A hydra (Lair:1)
  3 two-headed ogres
  The ghost of Htamos the Slicer, a journeyman VSFi of Gozag (D:10)
  An ugly thing (D:11)
  3 black mambas
  Joseph (D:9)
  3 cane toads
  An unseen horror (D:11)
  2 komodo dragons
  7 blink frogs
  Prince Ribbit (Lair:2)
  A troll (D:10)
  Grinder (D:3)
  A hornet (D:9)
  A wyvern (D:10)
  A vampire (D:9)
  A large abomination (Abyss:2)
  25 yaks
  Grum (D:8)
  A basilisk (Lair:2)
  2 vampire mosquitoes (D:7)
  3 wargs (D:11)
  2 acid dragons (D:11)
  4 water moccasins
  5 orc warriors
  2 ice beasts (D:7)
  3 sky beasts
  2 necrophages
  4 black bears
  3 wolves (D:8)
  3 centaurs
  An ogre (D:5)
  2 kobold brigands (D:9)
  4 bullfrogs
  A scorpion (D:5)
  A wyvern zombie (D:9)
  11 killer bees (D:8)
  5 howler monkeys
  3 centaur zombies
  A crimson imp (D:8)
  A bullfrog zombie (D:6)
  2 jellies
  2 gnoll shamans
  5 orc priests
  8 orc wizards
  2 iguanas
  A killer bee zombie (D:6)
  8 gnolls
  2 howler monkey zombies
  12 adders
  A river rat (D:3)
  A shadow imp (D:7)
  3 white imps
  An adder skeleton (D:4)
  2 worms
  4 dart slugs
  32 orcs
  14 ball pythons
  13 endoplasms
  12 giant cockroaches
  2 hobgoblins
  4 jackals (D:2)
  18 kobolds
  13 quokkas
  8 bats
  7 frilled lizards (Sewer)
  8 goblins
  4 rats
310 creatures vanquished.

Vanquished Creatures (others)
  An orc wizard (D:8)
  7 fungi
  14 plants
22 creatures vanquished.

Grand Total: 332 creatures vanquished

Notes
Turn   | Place    | Note
-------+----------+-------------------------------------------
     0 | Abyss:1  | Gargoyl the Gnoll Abyssal Knight began the quest for the
                  | Orb.
     0 | Abyss:1  | Reached XP level 1. HP: 23/23 MP: 3/3
    66 | Abyss:2  | Identified the +10 flail "Inykasea" {vorpal, rN+ Str+4}
   101 | Abyss:2  | Reached XP level 2. HP: 22/29 MP: 5/5
   157 | Abyss:2  | Noticed a large abomination
   161 | Abyss:2  | Killed a large abomination
   162 | Abyss:2  | Reached skill level 1 in Short Blades
   162 | Abyss:2  | Reached skill level 1 in Long Blades
   162 | Abyss:2  | Reached skill level 1 in Maces & Flails
   162 | Abyss:2  | Reached skill level 1 in Polearms
   162 | Abyss:2  | Reached skill level 1 in Staves
   162 | Abyss:2  | Reached skill level 1 in Slings
   162 | Abyss:2  | Reached skill level 1 in Bows
   162 | Abyss:2  | Reached skill level 1 in Crossbows
   162 | Abyss:2  | Reached skill level 1 in Throwing
   162 | Abyss:2  | Reached skill level 1 in Stealth
   162 | Abyss:2  | Reached skill level 1 in Shields
   162 | Abyss:2  | Reached skill level 1 in Unarmed Combat
   162 | Abyss:2  | Reached skill level 1 in Spellcasting
   162 | Abyss:2  | Reached skill level 1 in Conjurations
   162 | Abyss:2  | Reached skill level 1 in Hexes
   162 | Abyss:2  | Reached skill level 1 in Summonings
   162 | Abyss:2  | Reached skill level 1 in Necromancy
   162 | Abyss:2  | Reached skill level 1 in Translocations
   162 | Abyss:2  | Reached skill level 1 in Transmutations
   162 | Abyss:2  | Reached skill level 1 in Fire Magic
   162 | Abyss:2  | Reached skill level 1 in Ice Magic
   162 | Abyss:2  | Reached skill level 1 in Air Magic
   162 | Abyss:2  | Reached skill level 1 in Earth Magic
   162 | Abyss:2  | Reached skill level 1 in Poison Magic
   162 | Abyss:2  | Reached skill level 1 in Evocations
   162 | Abyss:2  | Reached XP level 3. HP: 17/35 MP: 6/6
   162 | Abyss:2  | Reached XP level 4. HP: 20/41 MP: 7/7
   162 | Abyss:2  | Reached XP level 5. HP: 23/47 MP: 8/8
   164 | Abyss:2  | Noticed a raiju
   164 | D:1      | Escaped the Abyss
   401 | D:1      | Reached * piety under Lugonu
   855 | D:1      | Found a faded altar of an unknown god.
  1633 | D:2      | Reached skill level 5 in Invocations
  1634 | D:2      | Reached ** piety under Lugonu
  1819 | D:2      | Reached XP level 6. HP: 53/53 MP: 9/9
  2078 | D:3      | Noticed Grinder
  2092 | D:3      | Killed Grinder
  2093 | D:3      | Reached skill level 5 in Axes
  2093 | D:3      | Reached skill level 5 in Armour
  2184 | D:3      | Reached XP level 7. HP: 59/59 MP: 10/10
  2234 | D:3      | Found a glowing drain.
  2238 | Sewer    | Entered a sewer
  2467 | Sewer    | Reached skill level 7 in Fighting
  2468 | Sewer    | Reached *** piety under Lugonu
  3179 | D:4      | Found a staircase to the Ecumenical Temple.
  3490 | D:4      | Reached XP level 8. HP: 62/67 MP: 12/12
  3570 | D:4      | Found a sacrificial altar of Ru.
  3748 | D:5      | Entered Level 5 of the Dungeon
  4062 | D:5      | Identified the ring "Isodoudi" {rC+ MP+9}
  4390 | D:5      | Gained mutation: You are robust. (+10% HP) [potion of
                  | mutation]
  4390 | D:5      | Gained mutation: You are somewhat resistant to further
                  | mutation. [potion of mutation]
  4432 | D:5      | Found Iryeloof's Assorted Antiques.
  4474 | D:5      | Bought a scroll of enchant weapon for 142 gold pieces
  4512 | D:5      | Found a radiant altar of Vehumet.
  4572 | D:5      | Found a broken altar of Ashenzari.
  4740 | D:6      | Reached **** piety under Lugonu
  4752 | D:6      | Identified the +12 flail of Risk Management {antimagic,
                  | rElec Str-5 Int+6}
  4800 | D:6      | Noticed a hornet
  4806 | D:6      | Paralysed by a hornet for 3 turns
  4809 | D:6      | Banished a hornet
  5183 | D:6      | Identified the ring "Wacraejuf" {rC++ rCorr Int+2 Dex-2}
  5290 | D:6      | Found an opulent altar of Gozag.
  5490 | D:6      | Reached XP level 9. HP: 59/79 MP: 14/14
  5583 | D:6      | Found an iron altar of Okawaru.
  5586 | D:6      | Found a hazy altar of Hepliaklqana.
  5776 | D:7      | Found a burning altar of Makhleb.
  5776 | D:7      | Found a shadowy altar of Dithmenos.
  5879 | D:7      | Found a glowing silver altar of Zin.
  5917 | D:7      | Reached skill level 5 in Dodging
  6099 | D:7      | Found a glowing golden altar of the Shining One.
  6115 | D:7      | Reached skill level 8 in Fighting
  7053 | D:8      | Reached XP level 10. HP: 67/88 MP: 17/17
  7205 | D:8      | Paralysed by an orc for 5 turns
  7839 | D:9      | Noticed Grum
  7849 | D:8      | Reached skill level 5 in Short Blades
  7849 | D:8      | Reached skill level 5 in Long Blades
  7849 | D:8      | Reached skill level 5 in Maces & Flails
  7849 | D:8      | Reached skill level 5 in Polearms
  7849 | D:8      | Reached skill level 5 in Staves
  7849 | D:8      | Reached skill level 5 in Slings
  7849 | D:8      | Reached skill level 5 in Bows
  7849 | D:8      | Reached skill level 5 in Crossbows
  7849 | D:8      | Reached skill level 5 in Throwing
  7849 | D:8      | Reached skill level 5 in Stealth
  7849 | D:8      | Reached skill level 5 in Shields
  7849 | D:8      | Reached skill level 5 in Unarmed Combat
  7849 | D:8      | Reached skill level 5 in Spellcasting
  7849 | D:8      | Reached skill level 5 in Evocations
  7890 | D:8      | Killed Grum
  7890 | D:8      | Reached ***** piety under Lugonu
  8264 | D:9      | Noticed Joseph
  8278 | D:9      | Killed Joseph
  8517 | D:9      | Identified the +5 ring mail of the Will of the Gods {rF+
                  | Will- SInv}
  9018 | D:9      | Found a shimmering altar of Xom.
  9150 | D:10     | Entered Level 10 of the Dungeon
  9151 | D:10     | Noticed a two-headed ogre
  9163 | D:10     | Killed a two-headed ogre
  9274 | D:10     | Reached XP level 11. HP: 95/95 MP: 19/19
  9346 | D:10     | Found a blossoming altar of Fedhas.
  9367 | D:10     | Found a runed translucent door.
  9368 | D:10     | Noticed Htamos's ghost (journeyman VSFi)
  9381 | D:10     | Noticed a two-headed ogre
  9388 | D:10     | Reached skill level 9 in Fighting
  9395 | D:10     | Reached skill level 5 in Conjurations
  9395 | D:10     | Reached skill level 5 in Hexes
  9395 | D:10     | Reached skill level 5 in Summonings
  9395 | D:10     | Reached skill level 5 in Necromancy
  9395 | D:10     | Reached skill level 5 in Translocations
  9395 | D:10     | Reached skill level 5 in Transmutations
  9395 | D:10     | Reached skill level 5 in Fire Magic
  9395 | D:10     | Reached skill level 5 in Ice Magic
  9395 | D:10     | Reached skill level 5 in Air Magic
  9395 | D:10     | Reached skill level 5 in Earth Magic
  9395 | D:10     | Reached skill level 5 in Poison Magic
  9398 | D:10     | Killed a two-headed ogre
  9935 | D:10     | Killed Htamos's ghost
 10156 | D:11     | Noticed a brown ugly thing
 10171 | D:11     | Killed a brown ugly thing
 10172 | D:11     | Noticed a fire dragon
 10197 | D:11     | Killed a fire dragon
 10508 | D:11     | Found a staircase to the Orcish Mines.
 11018 | D:11     | Found a staircase to the Lair.
 11062 | D:11     | Noticed a two-headed ogre
 11072 | D:11     | Killed a two-headed ogre
 11561 | D:11     | Found the amulet of the Air {Inacc Air Fly rElec RMsl}
 11789 | Lair:1   | Entered Level 1 of the Lair of Beasts
 11842 | Lair:1   | Reached XP level 12. HP: 89/105 MP: 22/22
 12280 | Lair:1   | Noticed a four-headed hydra
 12288 | Lair:1   | Killed a four-headed hydra
 13582 | Lair:2   | Reached skill level 10 in Fighting
 13860 | Lair:2   | Noticed Prince Ribbit
 13878 | Lair:2   | Killed Prince Ribbit
 14476 | Lair:3   | Noticed a five-headed hydra
 14500 | Lair:3   | HP: 5/106 [five-headed hydra (7)]
 14500 | Lair:3   | Slain by a five-headed hydra

Illustrated notes

Levels and vault maps discovered:
D:1:      wander_arrival_lonely_grave, layout_basic,
          ebering_ecumenical_altar_hall, minmay_door_square
D:2:      layout_rooms
D:3:      layout_rooms, gup_sewer_entry_spiral, uniq_grinder
D:4:      layout_rooms, mainiacjoe_overflow_cross_hatched,
          minmay_temple_entry_stoned_glass, minmay_misc_feat_ornament
D:5:      layout_cave_pools, mainiacjoe_overflow_brackets,
          kennysheep_little_box, serial_shops, nicolae_shop_hallway_stairs
D:6:      layout_rooms, mainiacjoe_overflow_alcove_4,
          nicolae_overflow_hidden_temple, minitemple
D:7:      layout_loops_cross, nicolae_tso_carved_into_rock, lemuel_doored_altar,
          mainiacjoe_overflow_divided_tiny
D:8:      layout_gridville, minmay_fire_ice_demons
D:9:      layout_loops_ring, mainiacjoe_overflow_alcove_1, uniq_joseph,
          uniq_grum
D:10:     layout_rooms, fedhas_altar_1, gammafunk_ghost_grave, st_stairs_6,
          grunt_decor_cap
D:11:     layout_grid_maze, david_lair_shrubbed, david_orc_1_choice,
          kennysheep_decorative_pillar
Lair:1:   layout_cave_shapes
Lair:2:   layout_roguey, uniq_prince_ribbit2
Lair:3:   layout_misc_corridors, gauntlet_entry_generic, grunt_megastairs_1

Skill      XL: |  1  2  3  4  5  6  7  8  9 10 11 12 |
---------------+-------------------------------------+-----
Short Blades   | 1 2 3 4 5 6 7 |  7.5
Long Blades    | 1 2 3 4 5 6 7 |  7.5
Maces & Flails | 1 2 3 4 5 6 7 |  7.5
Polearms       | 1 2 3 4 5 6 7 |  7.5
Staves         | 1 2 3 4 5 6 7 |  7.5
Slings         | 1 2 3 4 5 6 7 |  7.5
Bows           | 1 2 3 4 5 6 7 |  7.5
Crossbows      | 1 2 3 4 5 6 7 |  7.5
Throwing       | 1 2 3 4 5 6 7 |  7.5
Stealth        | 1 2 3 4 5 6 7 |  7.5
Shields        | 1 2 3 4 5 6 7 |  7.5
Unarmed Combat | 1 2 3 4 5 6 7 |  7.5
Spellcasting   | 1 2 3 4 5 6 7 |  7.5
Conjurations   | 1 2 3 4 5 6 |  6.2
Hexes          | 1 2 3 4 5 6 |  6.2
Summonings     | 1 2 3 4 5 6 |  6.2
Necromancy     | 1 2 3 4 5 6 |  6.2
Translocations | 1 2 3 4 5 6 |  6.2
Transmutations | 1 2 3 4 5 6 |  6.2
Fire Magic     | 1 2 3 4 5 6 |  6.2
Ice Magic      | 1 2 3 4 5 6 |  6.2
Air Magic      | 1 2 3 4 5 6 |  6.2
Earth Magic    | 1 2 3 4 5 6 |  6.2
Poison Magic   | 1 2 3 4 5 6 |  6.2
Evocations     | 1 2 3 4 5 6 7 |  7.5
Dodging        | 3 4 5 6 7 8 |  8.0
Invocations    | 5 6 7 8 9 |  9.5
Axes           | 5 6 7 8 |  8.9
Armour         | 5 6 7 8 |  8.9
Fighting       | 7 8 9 10 | 10.0

Action                   |  1- 3 |  4- 6 |  7- 9 | 10-12 || total
-------------------------+-------+-------+-------+-------++-------
Melee: Flail             |     6 |    89 |   298 |   558 ||   951
       Bite              |     1 |     4 |    19 |    75 ||    99
       Punch             |       |     1 |     5 |     2 ||     8
Throw: Dart              |       |     7 |       |    19 ||    26
Invok: Depart the Abyss  |       |     1 |       |       ||     1
       Banish            |       |       |     2 |       ||     2
  Use: Scroll            |       |     8 |    13 |     6 ||    27
       Potion            |       |       |     3 |     2 ||     5
 Stab: Sleeping          |       |     2 |       |     4 ||     6
Armor: Chain mail        |       |    27 |   198 |   129 ||   354
       Leather armour    |       |     7 |       |       ||     7
       Ring mail         |       |       |       |   191 ||   191
Dodge: Dodged            |     3 |    72 |   257 |   421 ||   753
Block: Buckler           |       |       |       |   119 ||   119

Table legend: (Time is in decaauts)
 A = Elapsed time spent in this place.
 B = Non-inter-level travel time spent in this place.
 C = Inter-level travel time spent in this place.
 D = Time resting spent in this place.
 E = Time spent auto-exploring this place.
 F = Levels seen in this place.
 G = Mean time per level.
                   A        B        C        D        E       F      G
               +--------+--------+--------+--------+--------+-----+--------+
         Total |  14797 |  14496 |    301 |   1667 |   9982 |  17 |  870.4 |
       Dungeon |  11447 |  11220 |    227 |   1339 |   7808 |  11 | 1040.6 |
          Lair |   2403 |   2330 |     73 |    328 |   1546 |   3 |  801.0 |
         Abyss |    165 |    165 |      0 |      0 |    129 |   2 |   82.5 |
         Sewer |    781 |    781 |      0 |      0 |    498 |   1 |  781.0 |
               +--------+--------+--------+--------+--------+-----+--------+

Top non-repeatable levels by time:
    D:11: 1864 daAuts
     D:8: 1499 daAuts
  Lair:1: 1203 daAuts
     D:1: 1122 daAuts
     D:9: 1118 daAuts
    D:10: 1107 daAuts
  Lair:2: 1088 daAuts
     D:6: 936 daAuts
     D:7: 921 daAuts
     D:4: 908 daAuts
   Sewer: 781 daAuts
     D:5: 694 daAuts
     D:3: 679 daAuts
     D:2: 594 daAuts
  Lair:3: 110 daAuts
